 Dungeon Crawl Stone Soup version 0.26-a0-30-g56b8cd3df0 (webtiles) character file.

Game seed: 7728647650604955236, levelgen mode: deterministic

541 vurker the Magician (level 7, 0/40 HPs)
             Began as a Deep Elf Wizard on May 29, 2020.
             Slain by an orc priest
             ... wielding a +0 vampiric hand axe
              (5 damage)
             ... on level 5 of the Dungeon.
             The game lasted 00:08:57 (5447 turns).

vurker the Magician (Deep Elf Wizard)               Turns: 5447, Time: 00:08:57

Health: 0/40       AC:  4    Str:  4    XL:     7   Next: 5%
Magic:  5/20       EV: 13    Int: 25    God:
Gold:   239        SH:  0    Dex: 19    Spells: 16/21 levels left

rFire    . . .     SeeInvis .   h - +2 dagger (holy)
rCold    + . .     Gourm    .   (no shield)
rNeg     . . .     Faith    .   a - +0 robe
rPois    .         Spirit   .   b - +0 hat
rElec    .         Reflect  .   (no cloak)
rCorr    .         Harm     .   f - +1 pair of gloves
MR       .....                  (no boots)
Stlth    ++........             (no amulet)
HPRegen  0.13/turn              d - +6 ring of dexterity
MPRegen  0.17/turn              j - ring of protection from cold

@: no status effects
A: no striking features
a: no special abilities


You were on level 5 of the Dungeon.
You were very hungry.

You visited 1 branch of the dungeon, and saw 5 of its levels.

You collected 239 gold pieces.

Inventory:

Hand Weapons
 h - a +2 dagger of holy wrath (weapon)
   (You took it off a goblin on level 1 of the Dungeon)
Armour
 a - a +0 robe (worn)
 b - a +0 hat (worn)
 f - a +1 pair of gloves (worn)
   (You found it on level 1 of the Dungeon)
Magical Staves
 l - an uncursed staff of earth
   (You found it on level 5 of the Dungeon)
Jewellery
 d - a +6 ring of dexterity (left hand)
   (You found it on level 1 of the Dungeon)
 j - a ring of protection from cold (right hand)
   (You found it on level 4 of the Dungeon)
Scrolls
 k - a scroll of fear {unknown}
 m - a scroll of enchant armour
 n - 4 scrolls of remove curse
 o - a scroll of immolation
Potions
 c - 3 potions of curing
 g - a potion of mutation
 i - a potion of lignification
 p - 2 potions of might {unknown}
 q - a potion of flight
Comestibles
 e - 10 rations


   Skills:
 + Level 2.4 Fighting
 - Level 2.4 Dodging
 - Level 2.4 Stealth
 * Level 7.6 Spellcasting
 * Level 5.1 Conjurations
 - Level 1.1 Summonings
 - Level 1.1 Translocations


You had 16 spell levels left.
You knew the following spells:

 Your Spells              Type           Power        Failure   Level  Hunger
a - Magic Dart            Conj           ####         1%          1    None
b - Call Imp              Summ           ###.....     6%          2    None
w - Blink                 Tloc           N/A          6%          2    None

Your spell library contained the following spells:

 Spells                   Type           Power        Failure   Level  Hunger
 Conjure Flame            Conj/Fire      ###.....     6%          3    None
 Slow                     Hex            #.......     10%         2    None
 Mephitic Cloud           Conj/Pois/Air  ###.....     10%         3    None


Dungeon Overview and Level Annotations

Branches:
Dungeon (5/15)
 Temple: D:4-7

Altars:
Elyvilon
Sif Muna


Message History

Aim: an orc priest, wielding a +0 vampiric hand axe and wearing a cursed +0 scale mail (almost dead)
The magic dart hits the orc priest but does no damage.
The orc priest hits you with a +0 vampiric hand axe.
The orc priest draws strength from your wounds!
You hit the orc priest but do no damage.
The orc priest calls down the wrath of Beogh upon you.
Pain shoots through your body!
You hit the orc priest but do no damage.
The orc priest hits you but does no damage.
Aim: an orc priest, wielding a +0 vampiric hand axe and wearing a cursed +0 scale mail (severely wounded)
The magic dart hits the orc priest but does no damage.
The orc priest hits you with a +0 vampiric hand axe.
The orc priest draws strength from your wounds!
Unknown command.
Aim: an orc priest, wielding a +0 vampiric hand axe and wearing a cursed +0 scale mail (severely wounded)
The magic dart hits the orc priest but does no damage.
The orc priest invokes the aid of Beogh against you.
Pain shoots through your body!
Aim: an orc priest, wielding a +0 vampiric hand axe and wearing a cursed +0 scale mail (severely wounded)
The magic dart hits the orc priest but does no damage.
The orc priest hits you with a +0 vampiric hand axe.
Aim: an orc priest, wielding a +0 vampiric hand axe and wearing a cursed +0 scale mail (severely wounded)
The magic dart hits the orc priest but does no damage.
The orc priest invokes the aid of Beogh against you.
Beogh smites you!
* * * LOW HITPOINT WARNING * * *
A beastly little devil appears in a puff of flame.
The orc priest looks encouraged for a moment.
Aim: an orc priest, wielding a +0 vampiric hand axe and wearing a cursed +0 scale mail (severely wounded)
The magic dart hits the orc priest.
The orc priest hits you with a +0 vampiric hand axe.
* * * LOW HITPOINT WARNING * * *
The orc priest draws strength from your wounds!
The orc priest hits your crimson imp but does no damage.
Your crimson imp hits the orc priest but does no damage.
Okay, then.
Aim: an orc priest, wielding a +0 vampiric hand axe and wearing a cursed +0 scale mail (heavily wounded)
The magic dart hits the orc priest.
Your crimson imp hits the orc priest but does no damage.
You hit the orc priest but do no damage.
The orc priest barely misses you.
The orc priest closely misses your crimson imp.
Your crimson imp hits the orc priest.
Aim: an orc priest, wielding a +0 vampiric hand axe and wearing a cursed +0 scale mail (almost dead)
The magic dart hits the orc priest.
The orc priest misses you.
The orc priest hits your crimson imp but does no damage.
Your crimson imp barely misses the orc priest.
You hit the orc priest but do no damage.
The orc priest hits you with a +0 vampiric hand axe.
You die...

##############
#...##.......#######
#...##..............
#####...##..............
........................
###............#@o......
#............#..5.....
###............##...#..#
+..............+ .......
####+###.......# ###....
##.....#.......# ....
.......#.<.....# ...
...........##### ..
.................


You could see an orc priest and a friendly crimson imp (summoned).

Vanquished Creatures
  A centaur (D:4)
  A crimson imp (D:5)
  A bullfrog zombie (D:5)
  A hound (D:4)
  An orc wizard (D:4)
  A gnoll (D:4)
  4 adders
  An ooze (D:1)
  An adder skeleton (D:4)
  A worm (D:4)
  3 dart slugs (D:1)
  4 leopard geckos
  4 orcs
  4 goblins (D:1)
  7 hobgoblins
  5 jackals
  A quokka (D:5)
  A ball python (D:3)
  8 bats
  7 frilled lizards
  7 kobolds
  A quokka skeleton (D:4)
  9 rats
74 creatures vanquished.

Vanquished Creatures (collateral kills)
  Grinder (D:3)
  A gnoll shaman (D:4)
  An orc priest (D:4)
  An orc wizard (D:1)
  An iguana (D:4)
  3 gnolls (D:4)
  3 worms (D:2)
  3 orcs
  A frilled lizard (D:2)
  A kobold (D:2)
16 creatures vanquished.

Grand Total: 90 creatures vanquished

Notes
Turn   | Place    | Note
-------+----------+-------------------------------------------
     0 | D:1      | vurker the Deep Elf Wizard began the quest for the Orb.
     0 | D:1      | Reached XP level 1. HP: 10/10 MP: 7/7
   231 | D:1      | Reached XP level 2. HP: 16/16 MP: 3/9
   291 | D:1      | Learned a level 2 spell: Call Imp
   294 | D:1      | Learned a level 2 spell: Blink
   544 | D:1      | Reached skill level 5 in Spellcasting
   831 | D:1      | Reached XP level 3. HP: 20/20 MP: 7/11
  1194 | D:1      | Reached skill level 1 in Fighting
  1706 | D:2      | Found a white marble altar of Elyvilon.
  1743 | D:2      | Reached XP level 4. HP: 25/25 MP: 1/13
  3025 | D:3      | Noticed Grinder
  3064 | D:3      | Killed Grinder
  3064 | D:3      | Reached skill level 6 in Spellcasting
  3064 | D:3      | Reached XP level 5. HP: 11/30 MP: 4/16
  3783 | D:4      | Reached XP level 6. HP: 35/35 MP: 10/17
  3795 | D:4      | Found a shimmering blue altar of Sif Muna.
  4392 | D:4      | Reached skill level 7 in Spellcasting
  4902 | D:4      | Found a white marble altar of Elyvilon.
  5054 | D:5      | Entered Level 5 of the Dungeon
  5165 | D:5      | Reached skill level 5 in Conjurations
  5395 | D:5      | Reached XP level 7. HP: 40/40 MP: 15/20
  5447 | D:5      | Slain by an orc priest

Illustrated notes

Levels and vault maps discovered:
D:1:      lightli_molten_gateway, layout_basic, minmay_misc_feat_nine_boxes
D:2:      layout_basic, first_ration, elyvilon_altar_1
D:3:      layout_loops_ring, chequers_serial_rivers_micro_b, uniq_grinder
D:4:      layout_basic, old_standard_altar, nicolae_overflow_hidden_temple
D:5:      layout_basic, basic_altar, gammafunk_ghost_grave

Skill      XL: |  1  2  3  4  5  6 |
---------------+-------------------+-----
Conjurations   | 2 4 5 |  5.1
Spellcasting   | 5 6 7 |  7.6
Fighting       | 1 2 |  2.4
Dodging        | |  2.4
Stealth        | |  2.4
Summonings     | |  1.1
Translocations | |  1.1

Action                   |  1- 3 |  4- 6 |  7- 9 || total
-------------------------+-------+-------+-------++-------
Melee: Dagger            |       |    14 |     4 ||    18
 Cast: Magic Dart        |    86 |   116 |    17 ||   219
       Call Imp          |     4 |    16 |     1 ||    21
  Use: Scroll            |       |    13 |       ||    13
  Eat: Chunk             |     2 |    10 |       ||    12
Armor: Robe              |     8 |     5 |     1 ||    14
Dodge: Dodged            |    29 |    18 |     2 ||    49

Table legend:
 A = Non-vault XP
 B = Vault XP
 C = Vault XP percentage of total XP
 D = Non-vault monster count
 E = Vault monster count
 F = Vault count percentage of total count
                 A         B        C        D         E       F
            +---------+---------+-------+---------+---------+-------
      Total |     615 |     158 |  20.4 |      89 |       1 |   1.1
            +---------+---------+-------+---------+---------+-------
        D:1 |      78 |       0 |   0.0 |      26 |       0 |   0.0
        D:2 |      77 |       0 |   0.0 |      31 |       0 |   0.0
        D:3 |      14 |     158 |  91.9 |       9 |       1 |  10.0
        D:4 |     331 |       0 |   0.0 |      18 |       0 |   0.0
        D:5 |     115 |       0 |   0.0 |       5 |       0 |   0.0
            +---------+---------+-------+---------+---------+-------
